 Dungeon Crawl Stone Soup version 0.21.1-1-g345015f (webtiles) character file.

41615 Vesto the Fighter (level 13, -3/123 HPs)
             Began as a Minotaur Fighter on Mar 6, 2018.
             Was a High Priest of Okawaru.
             Slain by an orc warrior
             ... wielding a +0 battleaxe
             ... led by an orc warlord
              (6 damage)
             ... on level 2 of the Orcish Mines.
             The game lasted 00:47:09 (15131 turns).

Vesto the Fighter (Minotaur Fighter)               Turns: 15131, Time: 00:47:10

Health: -3/123     AC: 25    Str: 26    XL:     13   Next: 81%
Magic:  17/18      EV: 14    Int:  8    God:    Okawaru [*****.]
Gold:   1067       SH:  0    Dex:  8    Spells: 18/20 levels left

rFire    + + +     SeeInvis +   a - +7 dire flail (holy)
rCold    . . .     Gourm    .   (shield currently unavailable)
rNeg     + . .     Faith    .   q - +3 chain mail "Tode Rib" {rC+ rN+ MR- Str+6}
rPois    +         Spirit   .   J - +2 hat {Int+3}
rElec    +         Reflect  .   L - +0 cloak "Congab" {rF++ rC- Str-4 Slay+5}
rCorr    .         Harm     .   H - +0 pair of gloves
MR       .....                  E - +1 pair of boots of the Moon {rElec rPois Dex-4}
Stlth    ..........             (no amulet)
HPRegen  0.30/turn              C - +1 ring of protection
MPRegen  0.16/turn              S - ring of see invisible

@: heroism
A: retaliatory headbutt, horns 2, blink, blurry vision 1, fire resistance 1,
electricity resistance, evolution 1, no potion heal 1, MP-powered wands
a: Blink, Heroism, Finesse, Renounce Religion


You were on level 2 of the Orcish Mines.
You worshipped Okawaru.
Okawaru was extremely pleased with you.
You were not hungry.

You visited 4 branches of the dungeon, and saw 20 of its levels.
You also visited: Volcano.

You collected 1203 gold pieces.
You spent 136 gold pieces at shops.

Inventory:

Hand Weapons
 a - a +7 dire flail of holy wrath (weapon)
 b - the +6 hunting sling "Renoid" {venom, +Fly rPois}
   (You found it on level 4 of the Dungeon)

   It poisons the ammo it fires.
   It protects you from poison.
   It lets you fly.
 M - a +0 great mace of flaming
Missiles
 i - 198 stones
 I - 10 tomahawks of returning (quivered)
Armour
 q - the +3 chain mail "Tode Rib" (worn) {rC+ rN+ MR- Str+6}
   (You took it off a hobgoblin on level 5 of the Dungeon)

   It affects your strength (+6).
   It protects you from cold.
   It protects you from negative energy.
   It affects your resistance to hostile enchantments.
 E - the +1 pair of boots of the Moon (worn) {rElec rPois Dex-4}
   (Okawaru gifted it to you on level 11 of the Dungeon)

   It affects your dexterity (-4).
   It insulates you from electricity.
   It protects you from poison.
 H - a +0 pair of gloves (worn)
 J - a +2 hat of intelligence (worn)
 L - the +0 cloak "Congab" (worn) {rF++ rC- Str-4 Slay+5}
   (You found it on level 10 of the Dungeon)

   It affects your strength (-4).
   It affects your accuracy and damage with ranged weapons and melee attacks
   (+5).
   It greatly protects you from fire.
   It makes you vulnerable to cold.
 Q - a +0 shield of positive energy
Jewellery
 C - a +1 ring of protection (left hand)
 O - an uncursed ring of poison resistance
 S - a ring of see invisible (right hand)
Wands
 c - a wand of digging (17)
 g - a wand of scattershot (5)
 F - a wand of paralysis (15)
 P - a wand of disintegration (26)
Scrolls
 l - 10 scrolls of teleportation
 n - 9 scrolls of remove curse
 o - 3 scrolls of amnesia
 p - 2 scrolls of fear
 r - a scroll of enchant weapon
 s - 2 scrolls of fog
 t - 10 scrolls of identify
 w - 2 scrolls of blinking
 G - a scroll of enchant armour
 R - a scroll of magic mapping
Potions
 d - a potion of might
 e - a potion of agility
 k - 3 potions of curing
 m - a potion of cancellation
 u - 2 potions of flight
 v - 3 potions of invisibility
 x - a potion of lignification
 z - 4 potions of brilliance
Books
 A - a book of Callings

   Spells                             Type                      Level
   a - Summon Small Mammal            Summoning                    1
   b - Call Imp                       Summoning                    2
   c - Call Canine Familiar           Summoning                    3
   d - Summon Guardian Golem          Hexes/Summoning              3
   e - Summon Lightning Spire         Summoning/Air                4
   f - Summon Ice Beast               Ice/Summoning                4
 B - a book of Changes

   Spells                             Type                      Level
   a - Beastly Appendage              Transmutation                1
   b - Sticks to Snakes               Transmutation                2
   c - Spider Form                    Transmutation/Poison         3
   d - Ice Form                       Ice/Transmutation            4
   e - Blade Hands                    Transmutation                5
 D - a book of Beasts

   Spells                             Type                      Level
   a - Summon Butterflies             Summoning                    1
   b - Call Canine Familiar           Summoning                    3
   c - Summon Ice Beast               Ice/Summoning                4
   d - Summon Mana Viper              Hexes/Summoning              5
   e - Summon Hydra                   Summoning                    7
Miscellaneous
 j - a lightning rod (4/4)
Comestibles
 f - 38 rations
 h - 4 chunks of flesh


   Skills:
 * Level 13.8(18.8) Fighting
   Level 2.8(7.8) Long Blades
 * Level 13.3(18.3) Maces & Flails
 - Level 2.8(8.0) Slings
 - Level 1.0(6.9) Throwing
 + Level 10.4(15.4) Armour
 - Level 10.0(15.0) Dodging
 - Level 4.0(9.0) Shields
 + Level 4.0 Spellcasting
 + Level 4.3 Summonings
 + Level 4.0 Transmutations
 + Level 5.7 Invocations
 + Level 5.3 Evocations


You had 18 spell levels left.
You knew the following spells:

 Your Spells              Type           Power        Failure   Level  Hunger
a - Summon Small Mammal   Summ           #...         19%         1    #......
b - Beastly Appendage     Tmut           #.....       21%         1    #......


Dungeon Overview and Level Annotations

Branches:
Dungeon (13/15)            Temple (1/1) D:4            Lair (4/6) D:11
 Shoals (0/4) Lair:3       Spider (0/4) Lair:2          Orc (2/2) D:12
    Elf (0/3) Orc:2
 Vaults: D:13-14

Altars:
Ashenzari
Cheibriados
Dithmenos
Elyvilon
Fedhas
Gozag
Hepliaklqana
Kikubaaqudgha
Makhleb
Nemelex Xobeh
Okawaru
Qazlal
Ru
Sif Muna
Trog
Uskayaw
Vehumet
Wu Jian
Xom
Yredelemnul
Zin
The Shining One
Beogh

Shops:
D:5 =?   D:9 }

Annotations:
D:5 exclusion: downstairs
D:6 exclusion: downstairs
D:10 exclusion: downstairs


Innate Abilities, Weirdness & Mutations

You reflexively headbutt those who attack you in melee.
You have a pair of horns on your head.
You can translocate small distances at will.
Scrolls take you a little longer to read.
Your flesh is heat resistant. (rF+)
You are resistant to electric shocks. (rElec)
You evolve.
Potions are less effective at restoring your health.
You expend magic power (3 MP) to strengthen your wands.


Message History

The orc warrior hits you with a dire flail!
The orc warrior barely misses you. x2
You fail to use your ability.
The orc warrior no longer looks unusually strong.
The orc warrior hits you with a battleaxe!
The orc warrior hits you with a short sword!!
* * * LOW HITPOINT WARNING * * *
The orc warrior hits you with a dire flail!
* * * LOW HITPOINT WARNING * * *
The orc warrior misses you. The orc completely misses you.
The orc warrior barely misses you.
The orc warrior hits you with a short sword.
* * * LOW HITPOINT WARNING * * *
The orc warrior closely misses you.
You perforate the orc warrior like a sieve!!!
You kill the orc warrior!
Okawaru accepts your kill.
The orc warrior hits you but does no damage.
The orc warrior hits you with a battleaxe.
You die...

******* ############
*,,**,***#.......#.<##
,,,,,,,,*......oo....#*
,,,,,,,,,......o@o..#.#*
,,,*,,,,,.....oooo.#...#
,,,,,,,,,........<....##
,,,,,*,,,.......>......#
,,,,**,,,...oo.........#
,,,,,**,,.............##
,,,,,*,,,..............#
,,,,,,,,,..............#
,,,,,,,,,,,,,,,,,,,,,,,*


You could see 7 orc warriors and 3 orcs.

Vanquished Creatures
  An orc warlord (Orc:2)
  The ghost of Monsterracer the Geomancer, a journeyman OpEE of Cheibriados (Lair:3)
  4 hydras
  Erica (D:9)
  A death knight (D:11)
  5 two-headed ogres
  A hell hog (Volcano)
  An orc high priest (Orc:1)
  The ghost of soepske the Skirmisher, a novice DsFi of Xom (D:7)
  A lindwurm (Lair:1)
  Pikel (D:5)
  2 cyclopes
  3 ugly things
  2 salamanders (Volcano)
  6 elephants (Lair:2)
  2 centaur zombies
  2 black mambas
  The ghost of inc the Transmogrifier, a novice FeTm of Ru (D:9)
  A gargoyle (D:10)
  A rime drake (Lair:4)
  5 spiny frogs
  2 komodo dragons
  4 trolls
  2 polar bears (D:8)
  A hornet (D:12)
  7 hippogriffs
  Sigmund (D:4)
  27 yaks
  A wyvern (D:11)
  A spriggan (D:11)
  A vampire (D:10)
  2 vampire mosquitoes (D:12)
  2 hungry ghosts
  2 wargs
  A soldier ant (D:9)
  11 water moccasins
  2 hell hounds (Volcano)
  3 slaves (D:5)
  17 porcupines
  17 orc warriors
  4 sky beasts
  An eye of draining (D:10)
  A black bear (D:7)
  7 ice beasts
  5 ogres
  3 necrophages
  13 centaurs
  2 phantoms (D:6)
  4 crocodiles
  Blork the orc (D:4)
  17 bullfrogs
  A wyvern skeleton (D:10)
  A water moccasin skeleton (D:7)
  17 killer bees
  8 scorpions
  7 wights
  4 howler monkeys
  2 electric eels (Lair:3)
  5 crimson imps
  2 bullfrog zombies
  3 quasits
  2 jellies
  12 orc priests
  7 hounds
  A gnoll shaman (D:9)
  A bullfrog skeleton (D:10)
  2 centaur skeletons
  Ijyb (D:3)
  2 iguanas
  Natasha (twice) (D:4)
  13 orc wizards
  5 worker ants
  A hound zombie (D:11)
  The ghost of letownia2 the Conjurer, a weakling TeWz (D:3)
  Robin (D:4)
  5 gnolls
  10 adders
  2 howler monkey skeletons
  3 shadow imps
  A white imp (D:8)
  3 ufetubi (D:8)
  3 oozes
  An adder skeleton (D:6)
  2 worms
  2 dart slugs
  6 leopard geckos
  59 orcs
  6 giant cockroaches
  22 goblins
  6 hobgoblins
  8 jackals
  9 kobolds
  3 quokkas
  A ball python (D:3)
  3 bats
  2 frilled lizards
  2 leopard gecko skeletons (D:4)
  8 rats
  A fungus (Lair:1)
474 creatures vanquished.

Vanquished Creatures (others)
  An orc wizard (D:13)
  A fungus (D:11)
  A plant (Lair:3)
3 creatures vanquished.

Grand Total: 477 creatures vanquished

Notes
Turn   | Place    | Note
-------+----------+-------------------------------------------
     0 | D:1      | Vesto the Minotaur Fighter began the quest for the Orb.
     0 | D:1      | Reached XP level 1. HP: 19/19 MP: 0/0
   177 | D:3      | Reached XP level 2. HP: 27/27 MP: 1/1
   227 | D:4      | Reached XP level 3. HP: 31/33 MP: 2/2
   231 | D:5      | Entered Level 5 of the Dungeon
   267 | D:4      | Found a sparkling altar of Nemelex Xobeh.
   291 | D:4      | Reached skill level 1 in Dodging
   296 | D:4      | Reached XP level 4. HP: 33/41 MP: 3/3
   301 | D:4      | Noticed Robin
   308 | D:4      | Killed Robin
   308 | D:4      | Reached skill level 1 in Throwing
   620 | D:4      | Got a bloodstained hunting sling
   665 | D:5      | Identified the +6 hunting sling "Renoid" {venom, +Fly rPois} (You found it on level 4 of the Dungeon)
   730 | D:4      | Noticed Sigmund
   731 | D:4      | Noticed Natasha
   747 | D:4      | Killed Sigmund
   747 | D:4      | Reached skill level 5 in Fighting
   747 | D:4      | Reached XP level 5. HP: 47/48 MP: 4/4
   756 | D:4      | Killed Natasha
   756 | D:4      | Reached XP level 6. HP: 49/56 MP: 5/5
   842 | D:4      | Found a staircase to the Ecumenical Temple.
   849 | D:4      | Found an iron altar of Okawaru.
   857 | D:4      | Became a worshipper of Warmaster Okawaru
   869 | Temple   | Entered the Ecumenical Temple
  1934 | D:2      | Noticed a dagger
  1935 | D:2      | Found a hide-covered altar of Uskayaw.
  1936 | D:2      | Noticed a hand axe
  2269 | D:2      | Found a faded altar of an unknown god.
  2544 | D:3      | Found a white marble altar of Elyvilon.
  2578 | D:3      | Noticed letownia2's ghost (weakling TeWz)
  2582 | D:3      | Killed letownia2's ghost
  2582 | D:3      | Reached skill level 5 in Maces & Flails
  2592 | D:3      | Noticed Ijyb
  2596 | D:3      | Gained mutation: You are covered in fur. (AC +1) [potion of mutation]
  2596 | D:3      | Gained mutation: You evolve. [potion of mutation]
  2596 | D:3      | Gained mutation: You have a pair of large horns on your head. [potion of mutation]
  2660 | D:3      | Killed Ijyb
  3018 | D:4      | Noticed Blork the orc
  3023 | D:4      | Killed Blork the orc
  3023 | D:4      | Reached skill level 5 in Armour
  3034 | D:4      | Found a deep blue altar of Sif Muna.
  3307 | D:4      | Noticed Natasha
  3309 | D:4      | Killed Natasha
  3309 | D:4      | Reached XP level 7. HP: 63/63 MP: 6/6
  3394 | D:5      | Found a white marble altar of Elyvilon.
  3464 | D:5      | Reached skill level 1 in Slings
  3515 | D:5      | Noticed Pikel
  3553 | D:5      | Reached * piety under Okawaru
  3797 | D:5      | Killed Pikel
  3797 | D:5      | Reached ** piety under Okawaru
  3797 | D:5      | Reached XP level 8. HP: 59/73 MP: 4/7
  3931 | D:5      | Found Medyumuj's Magic Scroll Emporium.
  3938 | D:5      | Bought a scroll of teleportation for 39 gold pieces
  3938 | D:5      | Bought a scroll of noise for 13 gold pieces
  3963 | D:5      | Found an ornate altar of the Wu Jian Council.
  3964 | D:5      | Found a shimmering altar of Xom.
  3965 | D:5      | Found a sacrificial altar of Ru.
  4001 | D:5      | Found Zoin's Jewellery Boutique.
  4016 | D:5      | Bought a cursed amulet of inaccuracy for 26 gold pieces
  4016 | D:5      | Bought a cursed ring of loudness for 58 gold pieces
  4112 | D:5      | Got a jewelled chain mail
  4115 | D:5      | Identified the +3 chain mail "Tode Rib" {rC+ rN+ MR- Str+6} (You took it off a hobgoblin on level 5 of the Dungeon)
  4980 | D:7      | Noticed soepske's ghost (novice DsFi)
  4996 | D:6      | Reached XP level 9. HP: 62/82 MP: 5/8
  5237 | D:7      | Killed soepske's ghost
  5237 | D:7      | Reached *** piety under Okawaru
  5237 | D:7      | Reached skill level 5 in Dodging
  5314 | D:7      | Reached **** piety under Okawaru
  5314 | D:7      | Received a gift from Okawaru
  5328 | D:7      | Reached skill level 10 in Fighting
  5361 | D:8      | Noticed a two-headed ogre
  5528 | D:7      | Found a glowing golden altar of the Shining One.
  5697 | D:7      | Found a basalt altar of Yredelemnul.
  5699 | D:7      | Noticed a profane servitor
  5748 | D:7      | Gained mutation: You are partially covered in large bone plates. (SH +4) [evolution]
  5773 | D:7      | Noticed an angel
  5804 | D:8      | Noticed a polar bear
  5811 | D:8      | Killed a polar bear
  5811 | D:8      | Reached skill level 10 in Maces & Flails
  5811 | D:8      | Reached XP level 10. HP: 93/93 MP: 6/9
  5870 | D:10     | Entered Level 10 of the Dungeon
  5893 | D:9      | Learned a level 1 spell: Summon Small Mammal
  5918 | D:9      | Noticed inc's ghost (novice FeTm)
  5939 | D:9      | Killed inc's ghost
  6000 | D:9      | Noticed Erica
  6035 | D:9      | Killed Erica
  6035 | D:9      | Reached skill level 1 in Invocations
  6202 | D:9      | Found Oruumut's Gadget Boutique.
  6255 | D:9      | Reached skill level 1 in Evocations
  6341 | D:9      | Received a gift from Okawaru
  6362 | D:9      | Reached skill level 1 in Summonings
  6410 | D:9      | Reached skill level 1 in Spellcasting
  6692 | D:9      | Noticed a two-headed ogre
  6698 | D:9      | Killed a two-headed ogre
  6698 | D:9      | Reached ***** piety under Okawaru
  7116 | D:8      | Reached XP level 11. HP: 102/102 MP: 12/12
  7162 | D:8      | Killed a two-headed ogre
  7256 | D:8      | Received a gift from Okawaru
  7264 | D:8      | Found an ancient bone altar of Kikubaaqudgha.
  7754 | D:10     | Received a gift from Okawaru
  7864 | D:10     | Noticed a cyan ugly thing
  7875 | D:10     | Killed a cyan ugly thing
  7878 | D:10     | Learned a level 1 spell: Beastly Appendage
  7885 | D:10     | Got a dazzling cloak
  7896 | D:10     | Identified the +0 cloak "Congab" {rF++ rC- Str-4 Slay+5} (You found it on level 10 of the Dungeon)
  8078 | D:10     | Found a white marble altar of Elyvilon.
  9165 | D:11     | Reached skill level 1 in Transmutations
  9189 | D:11     | Found a staircase to the Lair.
  9232 | D:11     | Reached skill level 1 in Long Blades
  9582 | D:11     | Noticed a cyan ugly thing
  9591 | D:11     | Killed a cyan ugly thing
  9738 | D:11     | Gained mutation: Your flesh is heat resistant. (rF+) [evolution]
  9770 | D:11     | Noticed a death knight
  9777 | D:11     | Killed a death knight
  9777 | D:11     | Received a gift from Okawaru
  9780 | D:11     | Got a pair of slimy boots {god gift}
  9786 | D:11     | Identified the +1 pair of boots of the Moon {rElec rPois Dex-4} (Okawaru gifted it to you on level 11 of the Dungeon)
  9930 | D:11     | Reached XP level 12. HP: 112/112 MP: 14/14
  9979 | Lair:1   | Entered Level 1 of the Lair of Beasts
 10056 | Lair:1   | Found a dark tunnel.
 10112 | Volcano  | Entered a volcano
 10132 | Volcano  | Noticed a two-headed ogre
 10137 | Volcano  | Noticed a hell hog
 10149 | Volcano  | Killed a two-headed ogre
 10156 | Volcano  | Killed a hell hog
 10488 | Volcano  | Gained mutation: Potions are less effective at restoring your health. [evolution]
 10782 | Lair:2   | Found a hole to the Spider Nest.
 10926 | Lair:1   | Noticed a seven-headed hydra
 10931 | Lair:1   | Killed a seven-headed hydra
 11913 | Lair:2   | Received a gift from Okawaru
 11984 | Lair:2   | Reached XP level 13. HP: 121/122 MP: 17/17
 12270 | Lair:2   | Reached skill level 10 in Dodging
 12310 | Lair:2   | Lost mutation: You are covered in fur. (AC +1) [potion of mutation]
 12310 | Lair:2   | Lost mutation: You have a pair of large horns on your head. [potion of mutation]
 12310 | Lair:2   | Lost mutation: You are partially covered in large bone plates. (SH +4) [potion of mutation]
 12310 | Lair:2   | Gained mutation: You expend magic power (3 MP) to strengthen your wands. [potion of mutation]
 12310 | Lair:2   | Gained mutation: You can translocate small distances at will. [potion of mutation]
 12310 | Lair:2   | Gained mutation: You are resistant to electric shocks. (rElec) [potion of mutation]
 12586 | Lair:3   | Found a staircase to the Shoals.
 12791 | Lair:4   | Reached skill level 5 in Invocations
 12833 | Lair:4   | Reached skill level 10 in Armour
 12897 | Lair:3   | Noticed Monsterracer's ghost (journeyman OpEE)
 12927 | Lair:3   | Killed Monsterracer's ghost
 13355 | Lair:3   | Gained mutation: Scrolls take you a little longer to read. [evolution]
 13848 | D:12     | Found a staircase to the Orcish Mines.
 13870 | D:12     | Found a roughly hewn altar of Beogh.
 14052 | D:12     | Reached skill level 5 in Evocations
 14072 | D:12     | Received a gift from Okawaru
 14563 | Orc:1    | Entered Level 1 of the Orcish Mines
 14610 | D:12     | HP: 7/184 [warg (7)]
 14616 | D:12     | HP: 7/184 [orc warrior/halberd (2)]
 15108 | Orc:2    | Entered Level 2 of the Orcish Mines
 15108 | Orc:2    | Found a staircase to the Elven Halls.
 15112 | Orc:2    | Noticed an orc warlord
 15125 | Orc:2    | Killed an orc warlord
 15130 | Orc:2    | HP: 3/123 [orc warrior/short sword[an orc warlord] (5)]
 15131 | Orc:2    | Slain by an orc warrior

Skill      XL: |  1  2  3  4  5  6  7  8  9 10 11 12 13 |
---------------+----------------------------------------+-----
Fighting       | 4 5 6 7 8 10 11 12 13 | 13.8
Maces & Flails | 3 4 5 6 8 10 11 12 13 | 13.3
Shields        | 4 |  4.0
Armour         | 4 5 6 7 8 9 10 | 10.4
Dodging        | 1 2 3 4 5 7 8 9 10 | 10.0
Throwing       | 1 |  1.0
Slings         | 2 |  2.8
Invocations    | 2 3 4 5 |  5.7
Evocations     | 2 3 4 5 |  5.3
Summonings     | 1 2 3 4 |  4.3
Spellcasting   | 1 2 3 4 |  4.0
Transmutations | 1 3 4 |  4.0
Long Blades    | 1 2 |  2.8

Action                   |  1- 3 |  4- 6 |  7- 9 | 10-12 | 13-15 || total
-------------------------+-------+-------+-------+-------+-------++-------
Melee: Flail             |    46 |    38 |       |       |       ||    84
       Headbutt          |     9 |     7 |    28 |   104 |    36 ||   184
       Unarmed           |       |    49 |       |       |       ||    49
       Dire flail        |       |       |   173 |   490 |   231 ||   894
 Fire: Hunting sling     |       |   103 |       |     1 |       ||   104
 Cast: Summon Small Mamm |       |       |       |       |     1 ||     1
Invok: Heroism           |       |       |     7 |    22 |     8 ||    37
       Finesse           |       |       |       |     1 |     1 ||     2
 Abil: Blink             |       |       |       |       |     1 ||     1
Evoke: Wand              |       |       |       |     2 |     4 ||     6
       Lightning rod     |       |       |       |       |     1 ||     1
  Use: Scroll            |       |     2 |     8 |     8 |     2 ||    20
       Potion            |       |     6 |     3 |     4 |     5 ||    18
  Eat: Chunk             |       |     7 |     5 |    13 |     7 ||    32
       Ration            |       |       |     1 |     2 |     1 ||     4
Armor: Scale mail        |    15 |    17 |       |       |       ||    32
       Ring mail         |       |     2 |    23 |       |       ||    25
       Chain mail        |       |       |    69 |   187 |   134 ||   390
       Skin              |       |       |       |     8 |     6 ||    14
Dodge: Dodged            |    10 |    46 |   105 |   215 |   180 ||   556
Block: Shield            |    22 |    28 |       |       |       ||    50
       Other             |       |       |     1 |    75 |     4 ||    80
